 Dungeon Crawl Stone Soup version 0.30-a0-165-g1891117ce2 (webtiles) character file.

Game seed: 16183630774708845974

3389 squinnward the Thaumaturge (level 9, -1/47 HPs)
             Began as a Deep Elf Fire Elementalist on Sept 28, 2022.
             Was a Priest of Elyvilon.
             Succumbed to a hornet's poison
             ... while paralysed by a hornet
             ... on level 7 of the Dungeon.
             The game lasted 01:10:31 (9752 turns).

squinnward the Thaumaturge (DEFE)                   Turns: 9752, Time: 01:10:32

Health: -1/47      AC:  3    Str:  5    XL:     9   Next: 74%
Magic:  33/34      EV:  2    Int: 25    God:    Elyvilon [***...]
Gold:   431        SH:  0    Dex: 15    Spells: 13/28 levels left

rFire   + . .      SeeInvis .    w - staff of fire
rCold   . . .      Faith    .    (no shield)
rNeg    . . .      Spirit   .    a - +0 robe
rPois   .          Reflect  .    (no helmet)
rElec   .          Harm     .    v - +0 cloak
rCorr   .          Rampage  .    (no gloves)
Will    .....                    (no boots)
Stlth   +++.......               (no amulet)
HPRegen 0.15/turn                d - ring of wizardry
MPRegen 0.24/turn                h - ring of magical power

@: paralysed, lethally poisoned (-1 -> -11), slowed
A: no striking features
a: Renounce Religion, Purification, Heal Other, Heal Self


You were on level 7 of the Dungeon.
You worshipped Elyvilon.
Elyvilon was most pleased with you.
You visited 2 branches of the dungeon, and saw 8 of its levels.
You also visited: Ossuary.

You collected 431 gold pieces.

Inventory:

Hand Weapons
 y - a +0 scythe
Armour
 a - a +0 robe (worn)
 v - a +0 cloak (worn)
Magical Staves
 w - a staff of fire (weapon)
Jewellery
 d - a ring of wizardry (left hand)
 h - a ring of magical power (right hand)
 i - a ring of poison resistance
 B - a ring of see invisible
 C - an amulet of the acrobat
Wands
 x - a wand of roots (17)
 z - a wand of polymorph (4)
Scrolls
 g - 2 scrolls of noise
 j - 4 scrolls of enchant weapon
 l - 5 scrolls of teleportation
 o - a scroll of immolation {unknown}
 p - 3 scrolls of enchant armour {unknown}
 q - 2 scrolls of magic mapping {unknown}
 r - 3 scrolls of blinking {unknown}
 s - a scroll of torment {unknown}
 t - a scroll of acquirement {unknown}
 u - a scroll of fog {unknown}
 A - 3 scrolls of vulnerability
 D - a scroll of summoning {unknown}
Potions
 b - a potion of haste {unknown}
 c - 4 potions of brilliance
 e - 3 potions of cancellation {unknown}
 f - 8 potions of curing
 k - 4 potions of heal wounds {unknown}
 m - a potion of resistance {unknown}
 n - 5 potions of attraction {unknown}
 E - a potion of degeneration {unknown}
 F - a potion of lignification {unknown}


   Skills:
 + Level 1.4 Fighting
 + Level 5.1 Dodging
 + Level 3.9 Stealth
 + Level 10.4 Spellcasting
 + Level 5.6 Conjurations
 + Level 3.1 Hexes
 + Level 2.9 Translocations
 + Level 7.7 Fire Magic
 * Level 4.5 Air Magic
 + Level 1.9 Invocations


You had 13 spell levels left.
You knew the following spells:

 Your Spells              Type           Power      Damage    Failure   Level
a - Foxfire               Conj/Fire      100%       2x1d9     1%          1
b - Kindle Blastsparks    Fire/Tloc/Air  100%       2d18      1%          3
c - Tukima's Dance        Hex            28%        N/A       1%          3
d - Iskenderun's Mystic   Conj/Tloc      34%        2d8       3%          4
e - Flame Wave            Conj/Fire      62%        2d14      1%          4

Your spell library contained the following spells:

 Spells                   Type           Power      Damage    Failure   Level
 Apportation              Tloc           54%        N/A       1%          1
 Magic Dart               Conj           100%       1d8       1%          1
 Slow                     Hex            100%       N/A       1%          1
 Scorch                   Fire           100%       2d10      1%          2
 Confusing Touch          Hex            28%        N/A       1%          3
 Dazzling Flash           Conj/Hex       70%        N/A       1%          3
 Gell's Gravitas          Tloc           27%        N/A       1%          3
 Inner Flame              Hex/Fire       56%        N/A       1%          3
 Mephitic Cloud           Conj/Pois/Air  30%        N/A       1%          3
 Portal Projectile        Hex/Tloc       56%        N/A       1%          3
 Teleport Other           Tloc           27%        N/A       1%          3
 Call Imp                 Summ           13%        N/A       2%          2
 Vampiric Draining        Necr           13%        2d6       6%          3
 Animate Armour           Summ/Erth      26%        N/A       19%         4
 Summon Ice Beast         Ice/Summ       13%        N/A       19%         4
 Starburst                Conj/Fire      31%        6d9       19%         6
 Summon Mana Viper        Hex/Summ       20%        N/A       26%         5
 Alistair's Intoxication  Tmut/Pois      8%         N/A       45%         5
 Blade Hands              Tmut           6%         N/A       45%         5
 Dispersal                Tloc           13%        N/A       61%         6
 Iron Shot                Conj/Erth      13%        9d3       63%         6
 Monstrous Menagerie      Summ           6%         N/A       100%        7


Dungeon Overview and Level Annotations

Branches:
Dungeon (7/15)             Temple (1/1) D:5         Ossuary (visited)

Altars:
Ashenzari
Cheibriados
Dithmenos
Elyvilon
Fedhas
Gozag
Hepliaklqana
Kikubaaqudgha
Nemelex Xobeh
Qazlal
Ru
Trog
Uskayaw
Vehumet
Wu Jian
Xom
Yredelemnul
Zin
The Shining One


Message History

You swap places.
Your +0 giant spiked club falls from the air.
You start resting.
HP restored.
You start resting.
Magic restored.
Found a stone staircase leading down.
l - 5 scrolls of teleportation (gained 1)
Found a stone staircase leading down.
Found 18 gold pieces.
You now have 431 gold pieces (gained 18).
You see here a staff of earth.
r - 3 scrolls labelled TAPSOM JOZUTZ (gained 1)
Found a hide-covered altar of Uskayaw.
Press: ? - help, v - describe, . - travel A hide-covered altar of Uskayaw.
A hornet comes into view.
The hornet buzzes angrily.
The hornet stings you.
You feel yourself slow down. The hornet stings you!
You are poisoned.
You feel as though you will be slow longer.
Casting: Flame Wave (dangerous; 1% risk of failure)
Confirm with . or Enter, or press ? or * to list all spells.
You feel a surge of power!
You conjure some foxfire!
You feel very sick. The hornet stings you!
You suddenly lose the ability to move!
The hornet stings you!
* * * LOW HITPOINT WARNING * * *
You are lethally poisoned!
You feel as though you will be slow longer.
* * * LOW HITPOINT WARNING * * *
You feel very sick.
The foxfire hits the hornet.
The hornet is lightly wounded.
The foxfire hits the hornet.
The hornet is lightly wounded.
The hornet stings you!
* * * LOW HITPOINT WARNING * * *
You feel as though you will be slow longer.
You die...

...#......#
..#.....## #######
#........# #.._..#
##........# #≈...≈#
..#......# #≈.≈.≈#
........## #≈.≈.≈#
##.......####..≈..##
##..#......#≈..§..≈#
#...#.......≈...@.≈#.
#..##.......≈.≈y≈§≈.#
#..........#..≈.≈...#
...######..#.≈...≈..#
..## #....≈.≈.≈...#
..# #.....≈.≈.....#
..# #...#...≈.....##
..# #..###≈≈≈.≈≈≈###
..# #..# #≈≈...≈≈#


You could see a hornet.

Vanquished Creatures
  Pikel (D:7)
  Sigmund (D:5)
  An orc warrior (D:7)
  An ice beast (D:7)
  4 ogres
  A centaur (D:6)
  A lemure (D:7)
  2 phantoms
  A kobold brigand (D:6)
  4 elf zombies (Ossuary)
  2 bullfrogs
  2 necrophages
  5 scorpions
  A gnoll sergeant (D:6)
  5 centaur zombies (Ossuary)
  3 human zombies (Ossuary)
  3 jellies
  A gnoll bouda (D:6)
  2 orc priests (D:7)
  6 hounds
  6 iguanas
  An orc wizard (D:7)
  3 mummies (Ossuary)
  9 gnolls (D:6)
  3 adders
  A shadow imp (D:5)
  An ufetubus (D:4)
  A worm (D:5)
  A dart slug (D:2)
  6 orcs
  5 ball pythons
  7 endoplasms
  2 giant cockroaches
  16 goblins
  6 hobgoblins
  7 kobolds
  5 quokkas
  4 bats
  2 frilled lizards (D:1)
  8 rats
141 creatures vanquished.

Vanquished Creatures (collateral kills)
  An orc warrior (D:7)
  A gnoll (D:6)
2 creatures vanquished.

Vanquished Creatures (others)
  4 dancing weapons
  351 foxfires
  2 plants (D:1)
357 creatures vanquished.

Grand Total: 500 creatures vanquished

Notes
Turn   | Place    | Note
-------+----------+-------------------------------------------
     0 | D:1      | squinnward the Deep Elf Fire Elementalist began the quest
                  | for the Orb.
     0 | D:1      | Reached XP level 1. HP: 10/10 MP: 6/6
   457 | D:1      | Reached XP level 2. HP: 15/15 MP: 6/8
   584 | D:1      | Upgraded the game from 0.30-a0-159-g068b764562 to
                  | 0.30-a0-165-g1891117ce2
   844 | D:1      | Found a faded altar of an unknown god.
   850 | D:1      | Prayed at the altar of an unknown god.
   850 | D:1      | Became a worshipper of Elyvilon the Healer
   850 | D:1      | Reached * piety under Elyvilon
  1327 | D:2      | Reached XP level 3. HP: 19/19 MP: 9/9
  1982 | D:2      | Reached ** piety under Elyvilon
  2051 | D:2      | Learned a level 3 spell: Kindle Blastsparks
  2732 | D:3      | Reached XP level 4. HP: 24/24 MP: 11/11
  2741 | D:3      | Noticed an ogre
  2748 | D:3      | Killed an ogre
  2749 | D:3      | Reached skill level 4 in Spellcasting
  2749 | D:3      | Reached XP level 5. HP: 28/28 MP: 13/13
  3579 | D:3      | Reached *** piety under Elyvilon
  3965 | D:4      | Elyvilon protects you from harm!
  3969 | D:4      | Elyvilon protects you from harm!
  4108 | D:4      | Learned a level 3 spell: Tukima's Dance
  4138 | D:4      | Noticed a phantom
  4148 | D:4      | Killed a phantom
  4149 | D:4      | Reached skill level 5 in Spellcasting
  4149 | D:4      | Reached skill level 5 in Fire Magic
  4149 | D:4      | Reached XP level 6. HP: 27/33 MP: 15/15
  4494 | D:4      | Reached skill level 1 in Translocations
  5604 | D:5      | Entered Level 5 of the Dungeon
  5621 | D:5      | Reached skill level 6 in Spellcasting
  5621 | D:5      | Reached skill level 1 in Air Magic
  5621 | D:5      | Reached XP level 7. HP: 37/37 MP: 18/18
  5807 | D:5      | Reached **** piety under Elyvilon
  6224 | D:5      | Noticed Sigmund
  6240 | D:5      | Killed Sigmund
  6241 | D:5      | Reached skill level 7 in Spellcasting
  6257 | D:5      | Reached XP level 8. HP: 42/42 MP: 12/20
  6629 | D:5      | Found a staircase to the Ecumenical Temple.
  7005 | Temple   | Entered the Ecumenical Temple
  7438 | D:6      | Reached skill level 1 in Fighting
  7438 | D:6      | Reached skill level 1 in Invocations
  7515 | D:6      | Reached skill level 8 in Spellcasting
  7544 | D:6      | Learned a level 4 spell: Iskenderun's Mystic Blast
  7549 | D:6      | Learned a level 4 spell: Flame Wave
  7994 | D:6      | Reached skill level 1 in Hexes
  8469 | D:7      | Reached skill level 5 in Conjurations
  8478 | D:7      | Found a sand-covered staircase.
  8506 | Ossuary  | Entered an ossuary
  8519 | Ossuary  | Reached XP level 9. HP: 38/47 MP: 18/23
  8538 | Ossuary  | Reached skill level 9 in Spellcasting
  9028 | D:7      | Found a white marble altar of Elyvilon.
  9121 | D:7      | HP: 2/47 [orc warrior/+0 mace (15)]
  9122 | D:7      | Elyvilon protects you from harm!
  9127 | D:7      | Reached skill level 10 in Spellcasting
  9168 | D:7      | Noticed Pikel
  9202 | D:7      | Killed Pikel
  9203 | D:7      | Reached skill level 5 in Dodging
  9733 | D:7      | Found a hide-covered altar of Uskayaw.
  9750 | D:7      | Paralysed by a hornet for 3 turns
  9751 | D:7      | HP: 2/47 [hornet (9)]
  9752 | D:7      | Succumbed to a hornet's poison

Illustrated notes

Levels and vault maps discovered:
D:1:      psy_arrival_conway, layout_rooms, chequers_ecumenical_altar_lobes,
          minmay_misc_feat_tower
D:2:      layout_basic
D:3:      kennysheep_the_goblin_king, layout_loops_corners
D:4:      layout_loops_corners
D:5:      layout_loops_ring, minmay_temple_entry_mini_moons,
          nrook_mini_backslash, uniq_sigmund
D:6:      layout_rooms
D:7:      layout_layer_cave, okawaru_altar_gauntlet_db,
          nicolae_uskayaw_suspiria, elyvilon_altar_3, enter_ossuary_2,
          uniq_pikel
Temple:   minmay_crystal_spiral_temple

Skill      XL: |  1  2  3  4  5  6  7  8  9 |
---------------+----------------------------+-----
Dodging        | 3 4 5 |  5.1
Fire Magic     | 4 5 6 7 |  7.7
Stealth        | 3 |  3.9
Spellcasting   | 4 5 6 7 8 10 | 10.4
Conjurations   | 2 3 4 5 |  5.6
Translocations | 1 2 |  2.9
Air Magic      | 1 2 4 |  4.5
Fighting       | 1 |  1.4
Invocations    | 1 |  1.9
Hexes          | 1 3 |  3.1

Action                   |  1- 3 |  4- 6 |  7- 9 || total
-------------------------+-------+-------+-------++-------
Melee: Unarmed           |     6 |       |       ||     6
       Staff             |       |       |     7 ||     7
 Cast: Foxfire           |    83 |    81 |   120 ||   284
       Kindle Blastspark |     3 |    10 |    24 ||    37
       Tukima's Dance    |       |     1 |    11 ||    12
       Flame Wave        |       |       |    17 ||    17
       Iskenderun's Myst |       |       |     3 ||     3
Invok: Heal Self         |       |     1 |     8 ||     9
       Heal Other        |       |       |     3 ||     3
  Use: Scroll            |     2 |     1 |     3 ||     6
       Potion            |       |       |     4 ||     4
Armor: Robe              |     6 |     3 |    29 ||    38
Dodge: Dodged            |    32 |    44 |    77 ||   153

Table legend: (Time is in decaauts)
 A = Elapsed time spent in this place.
 B = Non-inter-level travel time spent in this place.
 C = Inter-level travel time spent in this place.
 D = Time resting spent in this place.
 E = Time spent auto-exploring this place.
 F = Levels seen in this place.
 G = Mean time per level.
                   A        B        C        D        E       F      G
               +--------+--------+--------+--------+--------+-----+--------+
         Total |   9752 |   9745 |      7 |   2482 |   1455 |   9 | 1083.6 |
       Dungeon |   9052 |   9045 |      7 |   2201 |   1455 |   7 | 1293.1 |
        Temple |    207 |    207 |      0 |      0 |      0 |   1 |  207.0 |
       Ossuary |    492 |    492 |      0 |    281 |      0 |   1 |  492.0 |
               +--------+--------+--------+--------+--------+-----+--------+

Top non-repeatable levels by time:
     D:4: 1657 daAuts
     D:3: 1493 daAuts
     D:5: 1434 daAuts
     D:1: 1229 daAuts
     D:2: 1222 daAuts
     D:6: 1200 daAuts
     D:7: 814 daAuts
 Ossuary: 492 daAuts
  Temple: 207 daAuts
